 Dungeon Crawl Stone Soup version 0.22-a0-197-g4ac3794 (webtiles) character file.

2955 vishdafish the Black Crusader (level 9, -4/68 HPs)
             Began as a Demonspawn Gladiator on Feb 18, 2018.
             Was a Priest of Yredelemnul.
             Slain by Duvessa
             ... wielding a cursed -2 short sword
              (10 damage)
             ... on level 7 of the Dungeon.
             The game lasted 00:15:40 (6752 turns).

vishdafish the Black Crusader (DsGl)                Turns: 6752, Time: 00:15:42

Health: -4/68      AC: 11    Str: 21    XL:     9   Next: 52%
Magic:  14/14      EV: 10    Int: 12    God:    Yredelemnul [***...]
Gold:   370        SH:  0    Dex: 14    Spells: 8/8 levels left

rFire    . . .     SeeInvis .   A - +2 short sword of the Grey Skies {pierce, Fragile rElec Str+5}
rCold    . . .     Gourm    .   (no shield)
rNeg     + . .     Faith    .   B - +2 chain mail {rN+}
rPois    .         Spirit   .   (helmet restricted)
rElec    +         Reflect  .   (no cloak)
rCorr    .         Harm     .   (no gloves)
MR       .....                  (no boots)
Stlth    ..........             n - amulet of regeneration
HPRegen  0.61/turn              (no ring)
MPRegen  0.14/turn              (no ring)

@: lethally poisoned (-4 -> -14), glowing
A: horns 1, talons 2, nightstalker 1
a: Recall Undead Slaves, Injury Mirror, Animate Dead, Renounce Religion


You were on level 7 of the Dungeon.
You worshipped Yredelemnul.
Yredelemnul was most pleased with you.
You were not hungry.

You visited 1 branch of the dungeon, and saw 7 of its levels.

You collected 370 gold pieces.

Inventory:

Hand Weapons
 d - a +2 dagger of flaming
 k - a +0 falchion
 y - a +1 dagger of venom
 A - the +2 short sword of the Grey Skies (weapon) {pierce, Fragile rElec Str+5}
   (You took it off a crimson imp on level 6 of the Dungeon)

   It inflicts extra damage upon your enemies.
   It affects your strength (+5).
   It insulates you from electricity.
   It will be destroyed if unequipped.
Missiles
 i - 13 tomahawks (quivered)
 p - 35 bolts
Armour
 b - a +0 leather armour
 B - a +2 chain mail of positive energy (worn)
Jewellery
 n - an amulet of regeneration (around neck)
Wands
 c - a wand of iceblast (12)
 E - a wand of scattershot (4)
Scrolls
 a - 4 scrolls of identify
 h - 5 scrolls of teleportation
 j - 2 scrolls of enchant weapon {unknown}
 l - 3 scrolls of remove curse
 m - 3 scrolls of amnesia {unknown}
 o - a scroll of fog {unknown}
 r - 2 scrolls of immolation {unknown}
 s - a scroll of blinking {unknown}
 v - a scroll of magic mapping {unknown}
 x - a scroll of enchant armour {unknown}
Potions
 e - a potion of ambrosia
 q - a potion of degeneration
 t - 2 potions of might {unknown}
 u - a potion of heal wounds {unknown}
 w - a potion of lignification {unknown}
 z - 2 potions of flight {unknown}
 D - a potion of brilliance
Books
 g - a book of Necromancy

   Spells                             Type                      Level
   a - Pain                           Necromancy                   1
   b - Animate Skeleton               Necromancy                   1
   c - Vampiric Draining              Necromancy                   3
   d - Regeneration                   Charms/Necromancy            3
   e - Animate Dead                   Necromancy                   4
Comestibles
 f - 8 rations
 C - 5 chunks of flesh


   Skills:
 + Level 5.3 Fighting
 - Level 1.3(2.8) Short Blades
 * Level 3.9(4.0) Long Blades
 - Level 2.7 Throwing
 + Level 3.7 Armour
 + Level 5.4 Dodging
 - Level 3.0 Stealth
 - Level 5.4 Unarmed Combat
 * Level 7.8 Invocations


You had 8 spell levels left.
You didn't know any spells.

Dungeon Overview and Level Annotations

Branches:
Dungeon (7/15)             Temple (0/1) D:4

Altars:
Dithmenos
Elyvilon
Fedhas
Hepliaklqana
Kikubaaqudgha
Makhleb
Nemelex Xobeh
Qazlal
Sif Muna
Uskayaw
Yredelemnul
Zin

Annotations:
D:7 Duvessa


Innate Abilities, Weirdness & Mutations

You have a pair of small horns on your head.
You have razor-sharp toenails.
You are slightly more attuned to the shadows.


Message History

Unknown command.
You feel less invigorated.
You feel less confused.
You feel very sick.
The worker ant zombie barely misses you.
Duvessa hits you with a short sword!
You hit the worker ant zombie. You claw the worker ant zombie.
You headbutt the worker ant zombie. You punch the worker ant zombie.
The worker ant zombie is almost destroyed.
You feel sick. Duvessa hits you but does no damage.
The worker ant zombie bites you.
You hit the worker ant zombie but do no damage.
You claw the worker ant zombie, but do no damage.
The worker ant zombie is almost destroyed.
You feel sick. Duvessa hits you with a short sword!
* * * LOW HITPOINT WARNING * * *
The worker ant zombie closely misses you.
Duvessa hits you with a short sword!
You die...
Your body rises from the dead as a mindless zombie.

.## ## ..#..######
..#...#.....###
#...#...#.....### .#
..#...#...#.)...##
...#...#...#...#....# #
#...#a..#...#.†.#..###.
#).e#...#...#....##..
#...#Z@.#...#...#......
...#...#...#...#........
.#...#...#...#...#.##...
..#...#...#...#...###).
# ..#...#...#...#.###..
.#...#...#...#...##.(.
..#...#...#...#.##(..
..#...#....(...
#...#...#.#....


You could see Duvessa (berserk), a worker ant and a worker ant zombie.

Vanquished Creatures
  Grinder (D:4)
  Sigmund (D:3)
  Edmund (D:6)
  An ice beast (D:7)
  2 sky beasts (D:5)
  2 ogres
  3 centaurs (D:7)
  2 scorpions
  Dowan (D:7)
  6 killer bees (D:5)
  6 crimson imps
  A bullfrog zombie (D:6)
  A jelly (D:6)
  7 orc wizards
  7 orc priests
  2 hounds
  A bullfrog skeleton (D:6)
  Natasha (twice) (D:4)
  2 iguanas
  4 worker ants
  2 hound zombies
  A hound skeleton (D:6)
  7 adders
  An ooze (D:5)
  An adder zombie (D:6)
  2 adder skeletons
  5 worms
  A dart slug (D:1)
  4 leopard geckos
  26 orcs
  2 bats
  6 giant cockroaches
  2 gnoll zombies (D:2)
  6 goblins
  5 hobgoblins
  15 jackals
  4 quokkas
  2 ball pythons
  A ball python skeleton (D:7)
  4 frilled lizards
  A jackal skeleton (D:5)
  5 kobolds
  5 rats
161 creatures vanquished.

Vanquished Creatures (collateral kills)
  An ice beast (D:5)
  2 phantoms
  2 adders (D:4)
  An adder skeleton (D:5)
  An orc (D:5)
7 creatures vanquished.

Vanquished Creatures (others)
  A centaur zombie (D:7)
  An orc zombie (D:4)
2 creatures vanquished.

Grand Total: 170 creatures vanquished

Notes
Turn   | Place    | Note
-------+----------+-------------------------------------------
     0 | D:1      | vishdafish the Demonspawn Gladiator began the quest for the Orb.
     0 | D:1      | Reached XP level 1. HP: 16/16 MP: 1/1
   490 | D:1      | Gained mutation: You are slightly more attuned to the shadows. [demonic ancestry]
   490 | D:1      | Reached XP level 2. HP: 21/22 MP: 2/2
  1241 | D:2      | Gained mutation: You have sharp toenails. [demonic ancestry]
  1241 | D:2      | Reached XP level 3. HP: 20/27 MP: 3/3
  1685 | D:2      | Found a basalt altar of Yredelemnul.
  1834 | D:2      | Became a worshipper of Yredelemnul the Dark
  1906 | D:2      | Reached skill level 1 in Short Blades
  1925 | D:2      | Reached skill level 1 in Stealth
  1952 | D:2      | Found a sparkling altar of Nemelex Xobeh.
  1953 | D:2      | Found a burning altar of Makhleb.
  2192 | D:3      | Found a hazy altar of Hepliaklqana.
  2203 | D:3      | Noticed Sigmund
  2349 | D:3      | Killed Sigmund
  2349 | D:3      | Reached skill level 1 in Unarmed Combat
  2349 | D:3      | Gained mutation: You have razor-sharp toenails. [demonic ancestry]
  2349 | D:3      | Reached XP level 4. HP: 28/34 MP: 4/4
  2349 | D:3      | Gained mutation: You have a pair of small horns on your head. [demonic ancestry]
  2349 | D:3      | Reached XP level 5. HP: 33/40 MP: 5/5
  3036 | D:4      | Reached XP level 6. HP: 38/47 MP: 6/6
  3138 | D:4      | Found a deep blue altar of Sif Muna.
  3165 | D:5      | Entered Level 5 of the Dungeon
  3275 | D:5      | Reached * piety under Yredelemnul
  3559 | D:5      | Reached skill level 1 in Invocations
  3655 | D:4      | Reached skill level 2 in Invocations
  3655 | D:4      | Reached XP level 7. HP: 38/52 MP: 8/8
  3682 | D:4      | Noticed Natasha
  3692 | D:4      | Killed Natasha
  3743 | D:4      | Found a staircase to the Ecumenical Temple.
  3770 | D:4      | Noticed Grinder
  3778 | D:4      | Paralysed by Grinder for 2 turns
  3785 | D:4      | Killed Grinder
  3785 | D:4      | Reached skill level 1 in Armour
  3785 | D:4      | Reached skill level 3 in Invocations
  3818 | D:4      | Found an ancient bone altar of Kikubaaqudgha.
  3819 | D:4      | Found a blossoming altar of Fedhas.
  3873 | D:4      | Noticed Natasha
  3883 | D:4      | Killed Natasha
  4448 | D:5      | Reached skill level 4 in Invocations
  4507 | D:5      | Reached XP level 8. HP: 51/60 MP: 11/11
  4544 | D:5      | Reached skill level 5 in Invocations
  4745 | D:5      | Found a hide-covered altar of Uskayaw.
  4756 | D:5      | Found a stormy altar of Qazlal.
  4808 | D:5      | Found a stormy altar of Qazlal.
  5018 | D:5      | Reached ** piety under Yredelemnul
  5190 | D:5      | Reached skill level 5 in Unarmed Combat
  5190 | D:5      | Reached skill level 6 in Invocations
  5670 | D:6      | Found a white marble altar of Elyvilon.
  5852 | D:6      | Found a shadowy altar of Dithmenos.
  5864 | D:6      | Reached XP level 9. HP: 59/67 MP: 13/13
  5919 | D:6      | Reached skill level 5 in Dodging
  6248 | D:6      | Got a polished short sword {pierce}
  6249 | D:6      | Identified the +2 short sword of the Grey Skies {pierce, Fragile rElec Str+5} (You took it off a crimson imp on level 6 of the Dungeon)
  6288 | D:6      | Noticed Edmund
  6310 | D:6      | Killed Edmund
  6310 | D:6      | Reached skill level 5 in Fighting
  6525 | D:7      | Reached skill level 7 in Invocations
  6626 | D:7      | Reached *** piety under Yredelemnul
  6655 | D:7      | Found a glowing silver altar of Zin.
  6728 | D:7      | Noticed Dowan
  6729 | D:7      | Noticed Duvessa
  6745 | D:7      | Killed Dowan
  6752 | D:7      | Slain by Duvessa

Vault maps used:
D:1:      zelgadis_glass_arrival_small, minmay_ruptured
D:2:      lemuel_zombie_altar_yredelemnul, minitemple, first_ration
D:3:      overflow_temple_1_default, uniq_sigmund
D:4:      grunt_temple_overflow_growth_and_decay, overflow_temple_1_default,
          minmay_temple_entry_purple_smoke, uniq_grinder, uniq_natasha
D:5:      grunt_qazlal_sundering, kennysheep_little_box, basic_altar,
          minivault_14
D:6:      old_standard_altar, nicolae_dithmenos_the_darkroom, uniq_edmund
D:7:      overflow_temple_1_default, hex_large, uniq_duvessa

Skill      XL: |  1  2  3  4  5  6  7  8  9 |
---------------+----------------------------+-----
Long Blades    | 3 |  3.9
Dodging        | 3 4 5 |  5.4
Throwing       | 2 |  2.7
Short Blades   | 1 |  1.3
Stealth        | 2 3 |  3.0
Unarmed Combat | 1 2 3 5 |  5.4
Fighting       | 3 4 5 |  5.3
Invocations    | 2 4 6 7 |  7.8
Armour         | 1 3 |  3.7

Action                   |  1- 3 |  4- 6 |  7- 9 || total
-------------------------+-------+-------+-------++-------
Melee: Long sword        |    25 |       |       ||    25
       Dagger            |   153 |   113 |   180 ||   446
       Kick              |    31 |    38 |   127 ||   196
       Headbutt          |       |    18 |    82 ||   100
       Punch             |       |     2 |     7 ||     9
       Unarmed           |       |       |    92 ||    92
       Short sword       |       |       |   108 ||   108
       Falchion          |       |       |     6 ||     6
Throw: Throwing net      |     3 |       |       ||     3
       Tomahawk          |       |       |     5 ||     5
Invok: Animate Remains   |       |     1 |     8 ||     9
       Animate Dead      |       |       |     1 ||     1
Evoke: Wand              |       |       |     1 ||     1
  Use: Potion            |     3 |       |     2 ||     5
       Scroll            |       |       |     4 ||     4
 Stab: Sleeping          |     8 |     3 |     6 ||    17
       Held in net/web   |     2 |       |       ||     2
       Invisible         |     1 |       |     8 ||     9
       Distracted        |       |     1 |     1 ||     2
  Eat: Chunk             |     3 |     2 |     7 ||    12
       Ration            |       |     1 |     2 ||     3
Armor: Leather armour    |    29 |    12 |    36 ||    77
       Chain mail        |       |       |    62 ||    62
Dodge: Dodged            |   111 |    65 |   211 ||   387
       Rpst.: Long sword |     6 |       |       ||     6

Table legend:
 A = Spawn XP
 B = Non-spawn XP
 C = Spawn XP percentage of total XP
 D = Spawn monster count
 E = Non-spawn monster count
 F = Spawn count percentage of total count
 G = Total turns spent on level
                    A         B        C        D         E        F      G
               +---------+---------+-------+---------+---------+-------+---------
         Total |       0 |    4222 |   0.0 |       0 |     168 |   0.0 |  6752
               +---------+---------+-------+---------+---------+-------+---------
           D:1 |       0 |      32 |   0.0 |       0 |      19 |   0.0 |  1116
           D:2 |       0 |      38 |   0.0 |       0 |      19 |   0.0 |  1139
           D:3 |       0 |     244 |   0.0 |       0 |      16 |   0.0 |   686
           D:4 |       0 |     881 |   0.0 |       0 |      26 |   0.0 |  1240
           D:5 |       0 |    1292 |   0.0 |       0 |      36 |   0.0 |  1416
           D:6 |       0 |     781 |   0.0 |       0 |      31 |   0.0 |   920
           D:7 |       0 |     954 |   0.0 |       0 |      21 |   0.0 |   235
               +---------+---------+-------+---------+---------+-------+---------
